 Dungeon Sprint DCSS version 0.30-a0-368-g86fb4627a9 (webtiles) character file.

Game seed: 987354600098867231

19916 Conn the Scorcher (level 12, -3/108 HPs)
             Began as an Octopode Fire Elementalist on Nov 19, 2022.
             Was a Priest of Sif Muna.
             Slain by a fire giant
             ... wielding a +1 great sword of flaming
              (34 damage)
             ... in the Dungeon (Sprint I: "Red Sonja").
             The game lasted 01:01:41 (3421 turns).

Conn the Scorcher (Octopode Fire Elementalist)      Turns: 3421, Time: 01:01:53

Health: -3/108     AC: 16    Str: 18    XL:     12   Next: 74%
Magic:  34/40      EV: 10    Int: 21    God:    Sif Muna [***...]
Gold:   402        SH:  0    Dex: 17    Spells: 3/42 levels left

rFire   + + .      SeeInvis .    (weapon currently unavailable)
rCold   . . .      Faith    .    (shield currently unavailable)
rNeg    . . .      Spirit   .    (helmet currently unavailable)
rPois   +          Reflect  .    (no amulet)
rElec   +          Harm     .    p - ring "Jookeag" {rElec rC+ MP+9 Dex+4}
rCorr   .          Rampage  .    (no ring)
Will    .....      NoTele   +    (no ring)
Stlth   ++++......               (no ring)
HPRegen 0.38/turn                (no ring)
MPRegen 0.27/turn                (no ring)
                                 (no ring)
                                 (no ring)

@: dragon-form, flying, unable to drink
A: dragon claw, dragon scales, breathe fire, flying, boosted hp, almost no
armour, amphibious, 8 rings, giant, (camouflage 1), (gelatinous body 1), (nimble
swimmer 1), (tentacles), inability to drink after injury 1
a: Breathe Fire, End Transformation, Renounce Religion, Channel Magic, Forget
Spell


You were in the Dungeon.
You worshipped Sif Muna.
Sif Muna was most pleased with you.
You were a fearsome dragon!
You visited 1 branch You collected 1676 gold pieces.
You spent 1274 gold pieces at shops.

Inventory:

Hand Weapons
 g - a +9 club
 h - a +4 vampiric scythe
 i - the +4 hand axe "Howych" (melded) {vorpal, rCorr Int+2 Dex-5}
   (You found it in the Dungeon)

   It inflicts extra damage upon your enemies.
   Int:       It affects your intelligence (+2).
   Dex:       It affects your dexterity (-5).
   rCorr:     It protects you from acid and corrosion.
 r - the +9 halberd "Beastslayer" {drain, rN+ Int+4}
   (You found it in the Dungeon)

   A truly terrible weapon, it drains the life of any living foe it strikes.
   Int:       It affects your intelligence (+4).
   rN:        It protects you from negative energy.
 t - the +13 scythe of Curses {drain, Drain}
   (You took it off a deep elf annihilator in the Dungeon)

   A truly terrible weapon, it drains the life of any living foe it strikes.
   It inflicts powerful necromantic curses on any living foe it strikes.
   Drain:     It drains your maximum health when unequipped.
Missiles
 j - 5 curare-tipped darts
Armour
 m - a +1 buckler of protection (melded)
 n - the +2 hat of the Bear Spirit (melded) {Spirit, *Rage Will++}
   (You bought it in a shop in the Dungeon)

   Going berserk makes the wearer tougher, and they're slowed less afterward.
   *Rage:     It berserks you when you make melee attacks (+20% chance).
   Will:      It greatly increases your willpower.
Jewellery
 p - the ring "Jookeag" (left foreclaw) {rElec rC+ MP+9 Dex+4}
   (You bought it in a shop in the Dungeon)

   [ring of magical power]

   Dex:       It affects your dexterity (+4).
   rC:        It protects you from cold.
   rElec:     It insulates you from electricity.
   MP:        It affects your magic capacity (+9).
Wands
 k - a wand of paralysis (6)
Scrolls
 e - a scroll of summoning {unknown}
 f - a scroll of blinking
 l - a scroll of immolation
 s - a scroll of butterflies
Potions
 b - 4 potions of curing
 c - a potion of heal wounds
 d - 3 potions of haste
 o - a potion of resistance {unknown}
 q - a potion of ambrosia {unknown}


   Skills:
 + Level 3.5 Fighting
 + Level 0.5(1.5) Axes
 + Level 2.3(2.4) Maces & Flails
 + Level 6.1 Dodging
 - Level 7.0 Stealth
 + Level 5.2 Shields
 - Level 0.1 Unarmed Combat
 + Level 15.6 Spellcasting
 * Level 13.0 Conjurations
 + Level 5.1 Hexes
 * Level 6.3 Summonings
 + Level 6.0 Translocations
 + Level 1.9 Transmutations
 + Level 17.3 Fire Magic
 + Level 3.3 Air Magic
 * Level 11.0 Invocations
 + Level 3.8 Evocations


You had 3 spell levels left.
You knew the following spells:

 Your Spells              Type           Power      Damage    Failure   Level
a - Foxfire               Conj/Fire      100%       2x1d9     0%          1
b - Kindle Blastsparks    Fire/Tloc/Air  100%       2d18      1%          3
c - Inner Flame           Hex/Fire       59%        N/A       1%          3
d - Flame Wave            Conj/Fire      69%        2d16      1%          4
e - Scorch                Fire           100%       2d10      0%          2
f - Summon Guardian Gole  Hex/Summ       40%        N/A       1%          3
g - Orb of Destruction    Conj           31%        9d10      14%         7
h - Spellforged Servitor  Conj/Summ      27%        N/A       50%         7
i - Passage of Golubria   Tloc           41%        N/A       3%          4
j - Iskenderun's Battles  Conj           63%        2d11      1%          5

Your spell library contained the following spells:

 Spells                   Type           Power      Damage    Failure   Level
 Apportation              Tloc           82%        N/A       1%          1
 Momentum Strike          Conj/Tloc      100%       3d10      1%          2
 Searing Ray              Conj           100%       2d8       1%          2
 Static Discharge         Conj/Air       100%       2-7/arc   1%          2
 Call Canine Familiar     Summ           43%        N/A       1%          3
 Dazzling Flash           Conj/Hex       100%       N/A       1%          3
 Ignite Poison            Fire/Tmut/Pois 43%        N/A       1%          3
 Tukima's Dance           Hex            38%        N/A       1%          3
 Vhi's Electric Charge    Tloc/Air       72%        N/A       1%          3
 Sticky Flame             Conj/Fire      69%        2d8       1%          4
 Manifold Assault         Tloc           41%        N/A       3%          4
 Summon Lightning Spire   Summ/Air       36%        N/A       4%          4
 Irradiate                Conj/Tmut      24%        3d19      4%          5
 Summon Forest            Summ/Tloc      21%        N/A       8%          5
 Silence                  Hex/Air        17%        N/A       19%         5
 Yara's Violent Unravell  Hex/Tmut       15%        3d8       24%         5
 Blade Hands              Tmut           12%        N/A       41%         5
 Alistair's Intoxication  Tmut/Pois      13%        N/A       56%         5
 Malign Gateway           Summ/Tloc      21%        N/A       94%         7
 Dragon Form              Tmut           12%        N/A       100%        7
 Disjunction              Tloc           20%        N/A       100%        8
 Summon Horrible Things   Summ           21%        N/A       100%        8
 Chain Lightning          Conj/Air       25%        3d33      100%        9


Dungeon Overview and Level Annotations

Branches:
Dungeon (1/1)

Altars:
Cheibriados
Dithmenos
Elyvilon
Fedhas
Gozag
Hepliaklqana
Kikubaaqudgha
Makhleb
Nemelex Xobeh
Okawaru
Qazlal
Ru
Sif Muna
Trog
Uskayaw
Vehumet
Wu Jian
Xom
Yredelemnul
Zin
The Shining One
Jiyva
Lugonu

Shops:
D [:=[(([==?[*[[:([::[?

Annotations:
D Lom Lobon


Innate Abilities, Weirdness & Mutations

You are a fearsome dragon!
You have a powerful clawing attack.
Your giant scaled body is strong and resiliant, but less evasive.
You can breathe fire.
You are flying.
Your maximum health is greatly increased.
Your armour is entirely melded.
You are incapable of wielding weapons or throwing items.
You cannot wear most types of armour.
You are amphibious.
You can wear up to eight rings at the same time.
((Your skin changes colour to match your surroundings (Stealth+).))
((Your rubbery body absorbs attacks. (AC +1, EV +1)))
((You are camouflaged when in or above water. (Stealth+)))
((You have tentacles for arms and can constrict up to eight enemies at once.))
You occasionally lose the ability to drink potions when taking damage.


Message History

The fire giant explodes!
The fiery explosion engulfs the fire giant.
The fire giant resists.
The fire giant is lightly wounded.
The fiery explosion engulfs you! You resist.
The fiery explosion engulfs the fire giant!
The fire giant resists.
The fire giant is lightly wounded.
You are engulfed in blazing flames.
You resist.
You hear a shout!
The fire giant is engulfed in blazing flames.
The fire giant hits you with a +1 great sword of flaming!
The fire giant burns you.
Your Conjurations skill increases to level 13!
Your Summonings skill increases to level 6!
Your Invocations skill increases to level 11!
You claw the fire giant!
The fire giant is lightly wounded.
You are engulfed in blazing flames.
You resist.
The fire giant is engulfed in blazing flames.
The fire giant closely misses you.
A fire giant comes into view.
It is wielding a +0 great sword of flaming.
The fire giant is engulfed in blazing flames.
The fire giant barely misses you.
You bite the fire giant!! You bite the fire giant.
The fire giant is heavily wounded.
You are engulfed in blazing flames.
You resist.
The fire giant is engulfed in blazing flames.
The fire giant hits you with a +1 great sword of flaming.
The fire giant is engulfed in blazing flames.
The fire giant hits you with a +2 great sword of flaming.
* * * LOW HITPOINT WARNING * * *
You bite the fire giant!! You bite the fire giant!
The fire giant is severely wounded.
You are engulfed in blazing flames.
You resist.
* * * LOW HITPOINT WARNING * * *
You feel less invigorated.
The fire giant hits you with a +1 great sword of flaming!!
You feel threatened and lose the ability to drink potions!
You die...

###.'.#.°.#
#.##...#§§§##
#(###.#..##
#..#'###*§9#
'.∩##.#..#
##...#.§§§##
#####§#
###.#.≈..#
...##†#
#.###&.#
...§§.#
#.#.'..#
#####§#
####'#.##'#
..§§#§#
###....#.#~~~#
§..#'.#
#CD.####^#~~~~#
..~####
......C###
..#~~~~~# .~~#
.C.####
○####~~~~# ~~##
. °° '~~~' ###
°° '### .&○
#∩∩# ^§° ∩∩##
###


You could see 3 fire giants.

Vanquished Creatures
  A daeva (D)
  A fire giant (D)
  A deep elf annihilator (D)
  A mummy priest (D)
  2 centaur warriors (D)
  Sonja (D)
  A deep troll (D)
  A lindwurm (D)
  8 shining eyes (D)
  2 oklob plants (D)
  2 merfolk sirens (D)
  A gargoyle (D)
  2 kobold demonologists (D)
  4 demonic crawlers (D)
  7 unseen horrors (D)
  A hellwing (D)
  A slime creature (D)
  5 hornets (D)
  Sigmund (D)
  A yak (D)
  13 hogs (D)
  2 redbacks (D)
  7 floating eyes (D)
  An ogre (D)
  7 necrophages (D)
  8 jellies (D)
  Ijyb (D)
  2 ballistomycete spores (D)
85 creatures vanquished.

Vanquished Creatures (collateral kills)
  A hydra (D)
1 creature vanquished.

Vanquished Creatures (others)
  10 ball lightnings (D)
  3 blocks of ice (D)
  93 foxfires (D)
106 creatures vanquished.

Grand Total: 192 creatures vanquished

Notes
Turn   | Place    | Note
-------+----------+-------------------------------------------
     0 | D        | Conn the Octopode Fire Elementalist began the quest for the
                  | Orb.
     0 | D        | Reached XP level 1. HP: 11/11 MP: 3/3
     3 | D        | Noticed Ijyb
     8 | D        | Killed Ijyb
     9 | D        | Reached skill level 4 in Fire Magic
     9 | D        | Reached XP level 2. HP: 8/17 MP: 0/6
    56 | D        | Learned a level 2 spell: Scorch
    61 | D        | Noticed an ogre
    66 | D        | Killed an ogre
    67 | D        | Reached skill level 5 in Stealth
    67 | D        | Reached skill level 6 in Fire Magic
    67 | D        | Reached XP level 3. HP: 22/22 MP: 1/8
    67 | D        | Reached XP level 4. HP: 27/27 MP: 1/10
    84 | D        | Learned a level 3 spell: Inner Flame
    88 | D        | Learned a level 3 spell: Kindle Blastsparks
   142 | D        | Noticed Sigmund
   143 | D        | Killed Sigmund
   144 | D        | Reached skill level 1 in Fighting
   144 | D        | Reached skill level 5 in Spellcasting
   144 | D        | Reached skill level 8 in Fire Magic
   144 | D        | Reached XP level 5. HP: 33/33 MP: 5/13
   144 | D        | Reached XP level 6. HP: 38/38 MP: 5/14
   209 | D        | Learned a level 4 spell: Flame Wave
   220 | D        | Found a burning altar of Makhleb.
   220 | D        | Found a viscous altar of Jiyva.
   220 | D        | Found a shimmering altar of Xom.
   220 | D        | Found a corrupted altar of Lugonu.
   220 | D        | Noticed a slime creature
   237 | D        | Killed a slime creature
   238 | D        | Reached skill level 5 in Dodging
   238 | D        | Reached skill level 10 in Fire Magic
   238 | D        | Reached XP level 7. HP: 43/43 MP: 3/17
   331 | D        | Found an ornate altar of the Wu Jian Council.
   331 | D        | Found a shimmering blue altar of Sif Muna.
   333 | D        | Found a radiant altar of Vehumet.
   342 | D        | Became a worshipper of Sif Muna the Loreminder
   371 | D        | Found Esoas's Antique Armour Emporium.
   371 | D        | Found an ancient bone altar of Kikubaaqudgha.
   371 | D        | Found a hazy altar of Hepliaklqana.
   371 | D        | Found a stormy altar of Qazlal.
   371 | D        | Found a hide-covered altar of Uskayaw.
   371 | D        | Found a blossoming altar of Fedhas.
   371 | D        | Found a bloodstained altar of Trog.
   371 | D        | Found an iron altar of Okawaru.
   371 | D        | Found a basalt altar of Yredelemnul.
   371 | D        | Found a glowing golden altar of the Shining One.
   371 | D        | Found a snail-covered altar of Cheibriados.
   371 | D        | Found a sacrificial altar of Ru.
   371 | D        | Found a glowing silver altar of Zin.
   371 | D        | Found a shadowy altar of Dithmenos.
   371 | D        | Found a white marble altar of Elyvilon.
   371 | D        | Noticed a yak
   379 | D        | Killed a yak
   380 | D        | Reached skill level 5 in Conjurations
   382 | D        | Found an opulent altar of Gozag.
   383 | D        | Found a sparkling altar of Nemelex Xobeh.
   439 | D        | Noticed Sonja
   445 | D        | Killed Sonja
   446 | D        | Reached skill level 12 in Fire Magic
   446 | D        | Reached skill level 1 in Evocations
   446 | D        | Reached XP level 8. HP: 50/50 MP: 11/20
   536 | D        | Found Cukhlu Lilac's Antique Armour Boutique.
   558 | D        | Noticed a deep troll
   582 | D        | Killed a deep troll
   582 | D        | Reached * piety under Sif Muna
   583 | D        | Reached skill level 1 in Translocations
   583 | D        | Reached skill level 1 in Air Magic
   583 | D        | Reached XP level 9. HP: 40/54 MP: 1/22
   725 | D        | Found Kuwumou's Armour Emporium.
   730 | D        | Bought a +0 buckler of protection for 149 gold pieces
   730 | D        | Bought the +2 hat of the Bear Spirit {Spirit, *Rage Will++}
                  | for 453 gold pieces
   730 | D        | Found the +2 hat of the Bear Spirit {Spirit, *Rage Will++}
   789 | D        | Noticed a centaur warrior
   796 | D        | Noticed a centaur warrior
   796 | D        | Killed a centaur warrior
   797 | D        | Reached skill level 10 in Spellcasting
   797 | D        | Reached skill level 13 in Fire Magic
   798 | D        | Killed a centaur warrior
   799 | D        | Reached skill level 1 in Hexes
   921 | D        | Noticed a hornet
   922 | D        | Killed a hornet
   922 | D        | Reached ** piety under Sif Muna
   942 | D        | Noticed an oklob plant
  1032 | D        | Killed an oklob plant
  1033 | D        | Reached skill level 14 in Fire Magic
  1033 | D        | Reached skill level 5 in Invocations
  1033 | D        | Reached XP level 10. HP: 45/60 MP: 1/25
  1342 | D        | Killed an unseen horror
  1342 | D        | Reached *** piety under Sif Muna
  1343 | D        | Reached skill level 1 in Shields
  1344 | D        | Killed an unseen horror
  1455 | D        | Reached **** piety under Sif Muna
  1466 | D        | Reached ***** piety under Sif Muna
  1477 | D        | Received a gift from Sif Muna
  1499 | D        | Learned a level 3 spell: Summon Guardian Golem
  1507 | D        | Learned a level 7 spell: Orb of Destruction
  1602 | D        | Identified the +4 hand axe "Howych" {vorpal, rCorr Int+2
                  | Dex-5}
  1620 | D        | Found Moryok's Jewellery Shoppe.
  1620 | D        | Found Oppaown's Antique Armour Shop.
  1620 | D        | Found Ikenn's Jewellery Boutique.
  1622 | D        | Found Hauss's Magic Scroll Emporium.
  1622 | D        | Found Cairphym's Antique Armour Shop.
  1622 | D        | Found Zikhucsarchi's Assorted Antiques.
  1622 | D        | Found Bual's Armour Boutique.
  1622 | D        | Found Soliam's Armour Emporium.
  1622 | D        | Found Udgher's Book Shop.
  1622 | D        | Found Wyjewo's Weapon Shoppe.
  1626 | D        | Found Ulenus's Antique Armour Boutique.
  1627 | D        | Found Qeitios's Book Emporium.
  1627 | D        | Found Boifufu's Book Boutique.
  1628 | D        | Found Peclit's Magic Scroll Emporium.
  1647 | D        | Bought the ring "Jookeag" {rElec rC+ MP+9 Dex+4} for 592
                  | gold pieces
  1660 | D        | Bought a scroll of immolation for 40 gold pieces
  1660 | D        | Bought a scroll of butterflies for 40 gold pieces
  1724 | D        | Learned a level 7 spell: Spellforged Servitor
  1728 | D        | Noticed a shining eye
  1728 | D        | Noticed a shining eye
  1728 | D        | Noticed a shining eye
  1728 | D        | Noticed a shining eye
  1728 | D        | Noticed a shining eye
  1728 | D        | Noticed a shining eye
  1728 | D        | Gained mutation: You occasionally lose the ability to drink
                  | potions when taking damage. [a shining eye]
  1732 | D        | Paralysed by a floating eye for 2 turns
  1738 | D        | Paralysed by a floating eye for 2 turns
  1746 | D        | Paralysed by a floating eye for 3 turns
  1752 | D        | Killed a shining eye
  1752 | D        | Received a gift from Sif Muna
  1752 | D        | Killed a shining eye
  1752 | D        | Killed a shining eye
  1752 | D        | Killed a shining eye
  1752 | D        | Received a gift from Sif Muna
  1752 | D        | Killed a shining eye
  1752 | D        | Killed a shining eye
  1753 | D        | Reached skill level 1 in Maces & Flails
  1753 | D        | Reached skill level 10 in Conjurations
  1753 | D        | Reached skill level 15 in Fire Magic
  1753 | D        | Reached XP level 11. HP: 67/67 MP: 23/27
  1766 | D        | Noticed a shining eye
  1773 | D        | Killed a shining eye
  1774 | D        | Reached skill level 5 in Shields
  1804 | D        | Killed a shining eye
  1828 | D        | Found Noqatar's Weapon Shop.
  1828 | D        | Found Miemai's Book Shoppe.
  1828 | D        | Found Hiobetai's Antique Weapon Boutique.
  1828 | D        | Found Xiralapt's Jewellery Emporium.
  1913 | D        | Learned a level 4 spell: Passage of Golubria
  1921 | D        | Reached ****** piety under Sif Muna
  1921 | D        | Received a gift from Sif Muna
  2021 | D        | Received a gift from Sif Muna
  2022 | D        | Got Lahunuyd's Compilation of the Welkin and Venom {god
                  | gift}
  2163 | D        | Noticed a lindwurm
  2171 | D        | Killed a lindwurm
  2172 | D        | Reached skill level 5 in Translocations
  2212 | D        | Reached skill level 16 in Fire Magic
  2246 | D        | Reached skill level 1 in Transmutations
  2259 | D        | Received a gift from Sif Muna
  2260 | D        | Got Veitecev's Parchment of the Barrage {god gift}
  2407 | D        | Noticed a 12-headed hydra
  2434 | D        | Killed a 12-headed hydra
  2435 | D        | Reached skill level 5 in Summonings
  2435 | D        | Reached XP level 12. HP: 72/72 MP: 30/30
  2482 | D        | Learned a level 5 spell: Iskenderun's Battlesphere
  2485 | D        | Noticed a daeva
  2515 | D        | Killed a daeva
  2515 | D        | Received a gift from Sif Muna
  2516 | D        | Got Sif Muna's Commentary on Shifting {god gift}
  2853 | D        | Identified the +9 halberd "Beastslayer" {drain, rN+ Int+4}
  2902 | D        | Received a gift from Sif Muna
  2911 | D        | Reached skill level 15 in Spellcasting
  2911 | D        | Reached skill level 17 in Fire Magic
  2911 | D        | Reached skill level 10 in Invocations
  2912 | D        | Got Nenaz's Treatise on Accomplices and the Coals {god
                  | gift}
  2989 | D        | Noticed a deep elf annihilator
  2997 | D        | Killed a deep elf annihilator
  3123 | D        | Noticed a mummy priest
  3130 | D        | Killed a mummy priest
  3270 | D        | Reached skill level 5 in Hexes
  3340 | D        | Noticed Lom Lobon
  3405 | D        | Noticed a fire giant
  3408 | D        | Noticed a fire giant
  3410 | D        | Noticed a fire giant
  3418 | D        | Killed a fire giant
  3419 | D        | Noticed a fire giant
  3421 | D        | Slain by a fire giant

Illustrated notes

Levels and vault maps discovered:
D:        dungeon_sprint_1 [red_sonja_temple_1, red_sonja_temple_small_1]

Skill      XL: |  1  2  3  4  5  6  7  8  9 10 11 12 |
---------------+-------------------------------------+-----
Stealth        | 3 5 7 |  7.0
Spellcasting   | 3 4 5 6 8 9 11 12 14 15 | 15.6
Fire Magic     | 4 6 8 10 12 14 15 16 17 | 17.3
Dodging        | 3 4 5 6 |  6.1
Fighting       | 1 2 3 |  3.5
Conjurations   | 2 4 6 7 9 10 11 13 | 13.0
Evocations     | 1 2 3 |  3.8
Translocations | 1 2 3 6 |  6.0
Air Magic      | 1 2 3 |  3.3
Invocations    | 5 7 8 11 | 11.0
Hexes          | 1 2 4 5 |  5.1
Shields        | 4 5 |  5.2
Maces & Flails | 1 2 |  2.3
Summonings     | 3 5 6 |  6.3
Transmutations | 1 |  1.9
Axes           | |  0.5
Unarmed Combat | |  0.1

Action                   |  1- 3 |  4- 6 |  7- 9 | 10-12 || total
-------------------------+-------+-------+-------+-------++-------
Melee: Unarmed           |     3 |       |       |    28 ||    31
       Tentacles         |     1 |       |     2 |     4 ||     7
       Constrict         |     1 |       |     1 |     3 ||     5
       Club              |     2 |       |     4 |    12 ||    18
       Bite              |       |       |       |     8 ||     8
       Tailslap          |       |       |       |     3 ||     3
       Hand axe          |       |       |       |     3 ||     3
 Cast: Foxfire           |     3 |     6 |     7 |    45 ||    61
       Scorch            |     1 |     4 |    27 |    68 ||   100
       Kindle Blastspark |       |     1 |     6 |     2 ||     9
       Inner Flame       |       |       |     2 |    18 ||    20
       Flame Wave        |       |       |       |     4 ||     4
       Summon Guardian G |       |       |       |    18 ||    18
       Dragon Form       |       |       |       |     3 ||     3
       Spellforged Servi |       |       |       |     2 ||     2
       Orb of Destructio |       |       |       |     6 ||     6
       Iskenderun's Batt |       |       |       |     5 ||     5
       Summon Horrible T |       |       |       |     2 ||     2
       Passage of Golubr |       |       |       |     1 ||     1
Invok: Divine Exegesis   |       |       |       |     7 ||     7
       Channel Magic     |       |       |       |     2 ||     2
 Abil: Breathe Fire      |       |       |       |     2 ||     2
Evoke: Wand              |     1 |       |     9 |       ||    10
  Use: Potion            |     1 |       |       |     5 ||     6
       Scroll            |       |       |     2 |     3 ||     5
 Stab: Paralysed         |     2 |       |     4 |       ||     6
Armor: Skin              |       |       |       |    12 ||    12
Dodge: Dodged            |       |       |     2 |    25 ||    27
Block: Buckler           |       |       |     1 |     2 ||     3

Table legend: (Time is in decaauts)
 A = Elapsed time spent in this place.
 B = Non-inter-level travel time spent in this place.
 C = Inter-level travel time spent in this place.
 D = Time resting spent in this place.
 E = Time spent auto-exploring this place.
 F = Levels seen in this place.
 G = Mean time per level.
                   A        B        C        D        E       F      G
               +--------+--------+--------+--------+--------+-----+--------+
         Total |   3404 |   3404 |      0 |   1926 |      0 |   1 | 3404.0 |
       Dungeon |   3404 |   3404 |      0 |   1926 |      0 |   1 | 3404.0 |
               +--------+--------+--------+--------+--------+-----+--------+

Top non-repeatable levels by time:
       D: 3404 daAuts
